 Dungeon Crawl Stone Soup version 0.31-a0-277-g31ea1f65cc (webtiles) character file.

Game seed: 13943626134173510070

114 Apogee the Cudgeller (level 4, 0/30 HPs)
             Began as a Gargoyle Monk on July 15, 2023.
             Slain by an iguana (8 damage)
             ... on level 3 of the Dungeon.
             The game lasted 00:05:32 (2388 turns).

Apogee the Cudgeller (Gargoyle Monk)                Turns: 2388, Time: 00:05:32

Health: 0/30       AC:  8    Str: 17    XL:     4   Next: 97%
Magic:  4/4        EV: 12    Int: 10    God:
Gold:   131        SH:  0    Dex: 12    Spells: 3/3 levels left

rFire   . . .        g - +0 whip
rCold   . . .        d - orb {light}
rNeg    + . .        t - +0 leather armour
rPois   ∞            (no helmet)
rElec   +            l - +0 cloak
rCorr   .            (no gloves)
SInv    .            i - +0 pair of boots
Will    .....        s - amulet of faith {!P}
Stlth   +            (no ring)
HPRegen 0.25/turn    (no ring)
MPRegen 0.09/turn

%: faith
@: glowing
A: sickness immunity, AC +3, negative energy resistance 1, electricity
resistance, torment resistance 1, petrification resistance
a: no special abilities


You were on level 3 of the Dungeon.
You visited 1 branch of the dungeon, and saw 4 of its levels.

You collected 131 gold pieces.

Inventory:

Hand Weapons
 a - a +0 mace
 g - a +0 whip (weapon)
   (You took it off a kobold on level 1 of the Dungeon)
Missiles
 e - 56 stones (quivered)
 f - 6 silver javelins
Armour
 b - a +0 scale mail
   (You found it on level 2 of the Dungeon)
 d - an orb of light (worn)
 i - a +0 pair of boots (worn)
   (You found it on level 1 of the Dungeon)
 l - a +0 cloak (worn)
   (You found it on level 1 of the Dungeon)
 n - a +0 chain mail
   (You found it on level 1 of the Dungeon)
 p - a +0 scale mail
   (You found it on level 2 of the Dungeon)
 t - a +0 leather armour (worn)
   (You found it on level 2 of the Dungeon)
 u - a +0 scale mail
   (You found it on level 2 of the Dungeon)
 v - a +0 robe
   (You found it on level 2 of the Dungeon)
 z - a +0 leather armour
   (You found it on level 2 of the Dungeon)
 C - a +0 chain mail
   (You took it off an orc on level 3 of the Dungeon)
 D - a +0 robe
   (You found it on level 3 of the Dungeon)
Jewellery
 s - an amulet of faith (around neck) {!P}
   (You found it on level 2 of the Dungeon)
Talismans
 j - a storm talisman
   (You found it on level 1 of the Dungeon)
 q - a beast talisman
   (You found it on level 1 of the Dungeon)
Scrolls
 r - 3 scrolls of amnesia {unknown}
 w - 3 scrolls of poison {unknown}
 y - 2 scrolls of teleportation {unknown}
 A - 3 scrolls of fog {unknown}
 B - a scroll of vulnerability {unknown}
 E - a scroll of blinking {unknown}
 F - a scroll of immolation {unknown}
Potions
 c - 2 potions of ambrosia
 h - 2 potions of heal wounds {unknown}
 k - 3 potions of curing {unknown}
 m - a potion of might {unknown}
 o - a potion of cancellation {unknown}
 x - a potion of degeneration {unknown}
 G - a potion of brilliance {unknown}


   Skills:
 + Level 4.3 Fighting
 * Level 4.8 Maces & Flails
 - Level 2.4 Dodging


You had 3 spell levels left.
You didn't know any spells.
Your spell library contained the following spells:

 Spells                   Type           Power      Damage    Failure   Level
 Magic Dart               Conj           0%         1d3       43%         1
 Blink                    Tloc           0%         N/A       56%         2
 Call Imp                 Summ           0%         N/A       56%         2
 Lesser Beckoning         Tloc           0%         N/A       56%         2
 Momentum Strike          Conj/Tloc      0%         3d8       56%         2
 Frozen Ramparts          Ice            0%         1d1       80%         3
 Mephitic Cloud           Conj/Pois/Air  0%         N/A       80%         3
 Petrify                  Tmut/Erth      0%         N/A       99%         4
 Metabolic Englaciation   Hex/Ice        0%         N/A       100%        5


Dungeon Overview and Level Annotations

Branches:
Dungeon (4/15)
 Temple: D:4-7

Altars:
Vehumet


Innate Abilities, Weirdness & Mutations

You are immune to sickness and miasma.
Your stone body is resilient. (AC +3)
You are immune to poison.
You resist negative energy. (rN+)
You are resistant to electric shocks. (rElec)
You are resistant to unholy torment.
You are immune to petrification.


Message History

Done exploring.
There is an open door here.
There is an open door here.
There is a stone staircase leading down here.
You climb downwards.
The endoplasm quivers.
The iguana hisses angrily.
Found a stone staircase leading up.
There is a stone staircase leading up here.
There are monsters nearby!
There are monsters nearby!
Found 26 gold pieces.
Found a stone staircase leading down.
The iguana closely misses you.
There are monsters nearby!
You hit the iguana but do no damage. You hit the iguana but do no damage.
The iguana hisses menacingly.
The iguana bites you!
You hit the iguana but do no damage. The iguana completely misses you.
You hit the iguana but do no damage. The iguana barely misses you.
You hit the iguana but do no damage. The endoplasm freezes you.
You are frozen.
The iguana bites you.
* * * LOW HITPOINT WARNING * * *
The endoplasm barely misses you.
The endoplasm hits you but does no damage.
The iguana attacks as you move away! The iguana barely misses you.
There is a stone staircase leading up here.
The endoplasm hits you but does no damage.
The iguana barely misses you.
You climb upwards.
There is a stone staircase leading down here.
The iguana closely misses you. The iguana bites you!
* * * LOW HITPOINT WARNING * * *
There is an open door here.
The iguana attacks as you move away! The iguana barely misses you.
The iguana hisses menacingly.
The iguana attacks as you move away! The iguana closely misses you.
The iguana attacks as you move away! The iguana barely misses you.
The iguana attacks as you move away! The iguana closely misses you.
The iguana attacks as you move away! The iguana misses you.
The iguana attacks as you move away! The iguana barely misses you.
The iguana attacks as you move away! The iguana closely misses you.
The iguana attacks as you move away! The iguana bites you.
* * * LOW HITPOINT WARNING * * *
The iguana attacks as you move away! The iguana closely misses you.
The iguana attacks as you move away! The iguana bites you!
You die...

#.........# # #:........# #######
#.........# #...#..
#.........#######.#.#.#
#.######..........#.#.# ##.#
#)##########.#.# #######
#..######.######....)#^. ......#
#>........#............. ......#
###<...@..#.####.######. ......#
######l.#.#....#......
......###########.J#.#.#####.###.
......'................# #.....
......#########......##### ######
............# #..........#
..##........# #.....####.##
..##........# #.....# #..#
_..#........# #.....# ##.##


You could see an iguana and an endoplasm.

Vanquished Creatures
  2 adders
  A gnoll (D:1)
  A worm (D:3)
  A dart slug (D:2)
  4 orcs (D:3)
  2 ball pythons
  4 endoplasms
  4 giant cockroaches
  11 goblins
  3 hobgoblins (D:1)
  4 jackals (D:3)
  16 kobolds
  5 quokkas
  5 bats
  2 frilled lizards
  3 rats
68 creatures vanquished.

Notes
Turn   | Place    | Note
-------+----------+-------------------------------------------
     0 | D:1      | Apogee the Gargoyle Monk began the quest for the Orb.
     0 | D:1      | Reached XP level 1. HP: 14/14 MP: 1/1
   238 | D:1      | Reached XP level 2. HP: 17/19 MP: 2/2
   521 | D:1      | Reached XP level 3. HP: 14/24 MP: 3/3
  1183 | D:2      | Found a faded altar of an unknown god.
  1298 | D:2      | Reached XP level 4. HP: 27/29 MP: 4/4
  2068 | D:3      | Found a radiant altar of Vehumet.
  2388 | D:3      | Slain by an iguana

Illustrated notes

Levels and vault maps discovered:
D:1:      dpeg_arrival_signposts, layout_basic, minmay_bisected
D:2:      layout_rooms, dreamdust_ecumenical_altar_angels_and_demons
D:3:      layout_basic, mainiacjoe_overflow_alcove_1
D:4:      layout_basic, mainiacjoe_overflow_brackets,
          minmay_temple_entry_arrows, nicolae_goblin_pals

Skill      XL: |  1  2  3 |
---------------+----------+-----
Maces & Flails | 4 |  4.8
Fighting       | 4 |  4.3
Dodging        | |  2.4

Action                     |  1- 3 |  4- 6 || total
---------------------------+-------+-------++-------
  Melee: Mace              |    26 |       ||    26
         Whip              |   146 |   101 ||   247
  Throw: Stone             |       |     4 ||     4
 Armour: Robe              |    37 |       ||    37
         Leather armour    |    19 |    23 ||    42
  Dodge: Dodged            |   101 |    60 ||   161

Table legend: (Time is in decaauts)
 A = Elapsed time spent in this place.
 B = Non-inter-level travel time spent in this place.
 C = Inter-level travel time spent in this place.
 D = Time resting spent in this place.
 E = Time spent auto-exploring this place.
 F = Levels seen in this place.
 G = Mean time per level.
                   A        B        C        D        E       F      G
               +--------+--------+--------+--------+--------+-----+--------+
         Total |   2365 |   2304 |     61 |      0 |   1655 |   4 |  591.2 |
       Dungeon |   2365 |   2304 |     61 |      0 |   1655 |   4 |  591.2 |
               +--------+--------+--------+--------+--------+-----+--------+

Top non-repeatable levels by time:
     D:1: 1021 daAuts
     D:3: 695 daAuts
     D:2: 636 daAuts
     D:4: 12 daAuts
